 Dungeon Crawl Stone Soup version 0.21.0-30-g47ce8e4 (webtiles) character file.

6223 tidbits the Magician (level 10, -1/75 HPs)
             Began as a Gnoll Venom Mage on Jan 28, 2018.
             Was an Elder of Cheibriados.
             Slain by a bullfrog (6 damage)
             ... on level 10 of the Dungeon on Jan 29, 2018.
             The game lasted 00:38:21 (2984 turns).

tidbits the Magician (Gnoll Venom Mage)             Turns: 2984, Time: 00:38:21

Health: -1/75      AC:  8    Str: 16 (19) XL:     10   Next: 92%
Magic:  30/30      EV: 19    Int: 28 (30) God:    Cheibriados [****..]
Gold:   205        SH:  0    Dex: 22 (25) Spells: 9/24 levels left

rFire    . . .     SeeInvis .   b - +2 scimitar
rCold    . . .     Gourm    .   D - +0 buckler
rNeg     . . .     Faith    .   B - +2 robe {Archmagi}
rPois    .         Spirit   .   (no helmet)
rElec    .         Reflect  .   C - +1 cloak
rCorr    .         Harm     .   G - +0 pair of gloves
MR       .....                  (no boots)
Stlth    ++........             (no amulet)
HPRegen  0.22/turn              n - ring of magical power
MPRegen  0.22/turn              (no ring)

@: confused, slowed, very slow
A: distributed training, fangs 1, strong nose
a: Bend Time, Temporal Distortion, Slouch, Renounce Religion


You were on level 10 of the Dungeon.
You worshipped Cheibriados.
Cheibriados was greatly pleased with you.
You were hungry.

You visited 2 branches of the dungeon, and saw 11 of its levels.

You collected 265 gold pieces.
You spent 60 gold pieces at shops.

Inventory:

Hand Weapons
 a - a +2 dagger of venom
   (You took it off a goblin on level 1 of the Dungeon)
 b - a +2 scimitar (weapon)
 q - a +0 glaive
 x - a +0 flail
 E - a +0 war axe
 H - the +5 war axe of Courage {speed, MR+ Int+4}
   (You found it on level 4 of the Dungeon)

   Attacks with this weapon are significantly faster.
   It affects your intelligence (+4).
   It affects your resistance to hostile enchantments.
   Cheibriados disapproves of the use of such an item.
 I - a +2 dagger of protection
   (You found it on level 6 of the Dungeon)
 M - a +0 dagger of draining
   (You took it off Maurice on level 8 of the Dungeon)
 N - a +0 shortbow
Missiles
 k - 12 sling bullets
 l - a javelin
 w - 29 stones
 y - 61 arrows
 F - 18 tomahawks (quivered)
Armour
 e - a +0 robe
 B - a +2 robe of the Archmagi (worn)
   (You took it off an orc wizard on level 6 of the Dungeon)
 C - a +1 cloak (worn)
 D - a +0 buckler (worn)
 G - a +0 pair of gloves (worn)
 Q - +0 steam dragon scales
Jewellery
 n - a ring of magical power (left hand)
   (You found it on level 2 of the Dungeon)
Wands
 J - a wand of enslavement (28)
Scrolls
 d - a scroll of fear {unknown}
 h - a scroll of blinking {unknown}
 i - 5 scrolls of remove curse
 j - 7 scrolls of teleportation
 p - 2 scrolls of amnesia
 v - 4 scrolls of immolation
 K - a scroll of torment
 O - 3 scrolls of enchant weapon {unknown}
Potions
 s - a potion of degeneration
 t - a potion of magic
 u - 2 potions of cancellation
 z - 2 potions of flight
 A - 2 potions of haste
Books
 r - a Young Poisoner's Handbook

   Spells                             Type                      Level
   a - Sting                          Conjuration/Poison           1
   b - Poisonous Vapours              Poison/Air                   2
   c - Mephitic Cloud                 Conjuration/Poison/Air       3
   d - Olgreb's Toxic Radiance        Poison                       4
   e - Venom Bolt                     Conjuration/Poison           5
Miscellaneous
 P - a phial of floods (inert)
Comestibles
 c - 9 rations


   Skills:
 + Level 5.6 Fighting
 + Level 5.6 Short Blades
 + Level 5.6 Long Blades
 + Level 5.6 Axes
 + Level 5.6 Maces & Flails
 + Level 5.6 Polearms
 + Level 5.6 Staves
 + Level 5.6 Slings
 + Level 5.6 Bows
 + Level 5.6 Crossbows
 + Level 5.6 Throwing
 + Level 5.6 Armour
 + Level 7.3 Dodging
 + Level 7.1 Stealth
 + Level 5.6 Shields
 + Level 5.6 Unarmed Combat
 + Level 7.6 Spellcasting
 + Level 5.1 Conjurations
 + Level 4.6 Hexes
 + Level 4.6 Charms
 + Level 4.6 Summonings
 + Level 4.6 Necromancy
 + Level 4.6 Translocations
 + Level 4.6 Transmutations
 + Level 4.6 Fire Magic
 + Level 4.6 Ice Magic
 + Level 4.6 Air Magic
 + Level 4.6 Earth Magic
 + Level 7.2 Poison Magic
 + Level 6.2 Invocations
 + Level 5.6 Evocations


You had 9 spell levels left.
You knew the following spells:

 Your Spells              Type           Power        Failure   Level  Hunger
a - Sting                 Conj/Pois      ####         1%          1    None
m - Mephitic Cloud        Conj/Pois/Air  ######..     1%          3    None
o - Poisonous Vapours     Pois/Air       ######       1%          2    None
v - Venom Bolt            Conj/Pois      ######....   11%         5    ####...
O - Olgreb's Toxic Radia  Pois           ######..     2%          4    ##.....


Dungeon Overview and Level Annotations

Branches:
Dungeon (10/15)            Temple (1/1) D:4            Lair (0/6) D:9
    Orc: D:9-12

Altars:
Ashenzari
Cheibriados
Dithmenos
Fedhas
Gozag
Hepliaklqana
Kikubaaqudgha
Makhleb
Nemelex Xobeh
Okawaru
Ru
Sif Muna
Trog
Uskayaw
Vehumet
Wu Jian
Xom
Zin
The Shining One

Shops:
D:6 *

Annotations:
D:5 p0werm0de's ghost, amateur DgNe
D:9 p0werm0de's ghost, journeyman GnWz
D:10 Josephine


Innate Abilities, Weirdness & Mutations

Your experience applies equally to all skills.
You have very sharp teeth.
Your uncanny sense of smell can sniff out nearby items.


Message History

There is an open door here.
You open the door.
There is an open door here.
The vampire misses you.
You riposte.
You slash the vampire!
The vampire is heavily damaged.
The vampire bites you.
* * * LOW HITPOINT WARNING * * *
The vampire draws strength from your injuries!
The vampire completely misses you. You block the vampire's attack.
Evoke which item? (* to show all) (? for menu, Esc to quit)
Aiming: Enslavement
Press: ? - help, Shift-Dir - straight line, f/p - vampire
Aim: a vampire (moderately damaged, chance to defeat MR: 45%)
The vampire is charmed.
What are your orders? t - Bark!
Orders for allies: a - Attack new target. p - Attack previous target. r - Retreat! s - Stop attacking. g - Guard the area. f - Follow me.
Anything else - Cancel.
Retreat in which direction?
Press: ? - help, Dir - move target cursor, p - vampire Fall back!
There is a stone staircase leading down here.
You climb downwards.
There is a stone staircase leading up here.
Unknown command.
There is a stone staircase leading up here.
You open the gate.
An ice beast comes into view.
Found 11 gold pieces.
There is an open gate here. 3 wraiths and Josephine come into view.
Josephine is wielding a dagger of venom.
Josephine shouts!
You see here 11 gold pieces.
Evoke which item? (* to show all) (? for menu, Esc to quit)
Okay, then.
Okay, then.
Evoke which item? (* to show all) (? for menu, Esc to quit)
Aim the phial where?
Press: ? - help, Shift-Dir - straight line, f - wraith
Aim: a wraith (hasn't noticed you)
The torrent of water hits Josephine.
Josephine is moderately wounded.
Josephine is knocked back by the torrent of water.
The wave splashes down.
The water rises up and takes form.
You hear a loud, deep croak!
You hear a croak.
You hear a shout! x4
The wraith hits your water elemental but does no damage.
Josephine hits your water elemental with a dagger of venom! 2 bullfrogs come into view.
Really harm your water elemental?
Okay, then.
The wraith hits you.
* * * LOW HITPOINT WARNING * * *
The wraith drains your vigour!
You feel yourself slow down.
There is an open gate here.
You barely miss the wraith.
Your water elemental hits the wraith.
Something hits your water elemental!
Something drains your water elemental's vigour!
Your water elemental seems to slow down.
The wraith closely misses you.
You riposte.
You hit the wraith. You bite the wraith, but do no damage.
The wraith is lightly damaged.
Your water elemental hits the wraith.
Something barely misses your water elemental.
You block the wraith's attack.
Unknown command.
Casting: Poisonous Vapours
Confirm with . or Enter, or press ? or * to list all spells.
Aiming: Poisonous Vapours
Press: ? - help, Dir - move target cursor, f - wraith
Aim: a wraith (lightly damaged)
Okay, then.
Casting: Poisonous Vapours
Confirm with . or Enter, or press ? or * to list all spells.
You feel a surge of power!
You begin to radiate toxic energy.
The bullfrog is poisoned. x2; Josephine is poisoned.
The ice beast closely misses you. Something hits your water elemental.
Something drains your water elemental's vigour!
Your water elemental seems to slow down.
The wraith hits you.
* * * LOW HITPOINT WARNING * * *
The ice beast hits you.
* * * LOW HITPOINT WARNING * * *
The ice beast freezes you!
* * * LOW HITPOINT WARNING * * *
Your water elemental hits the wraith.
Unknown command.
Unknown command.
You are confused.
You feel invigorated.
The bullfrog looks even sicker.
Your toxic aura wanes.
The bullfrog misses you. Something hits your water elemental!
Something drains your water elemental's vigour!
Your water elemental seems to slow down.
The wraith barely misses you.
The wraith hits your water elemental but does no damage.
The bullfrog hits you.
You die...

##### ##...##
##.....##
#..<.<..#
#.......# ♣♣
#...<...# .≈♣
##.....##WW≈. .
##...##≈E@≈.
≈...#''@#@≈≈≈≈.
≈≈.....FYWEW≈≈..
≈≈≈.....F.......
................
................
≈;≈..P.P.P.P.P..
≈≈≈≈.P.P...P...P
≈≈≈≈.S.P.P.P.P.P
≈≈≈...P.P.P.P.P


You could see 2 wraiths, an ice beast, 2 bullfrogs, an electric eel (wandering),
an adder and a friendly water elemental.

Vanquished Creatures
  2 two-headed ogres
  A manticore (D:8)
  An ugly thing (D:9)
  Maurice (D:8)
  A hippogriff (D:9)
  A wyvern (D:9)
  A steam dragon (D:9)
  A water moccasin (D:8)
  The ghost of OnekoMk1 the Magician, an amateur DEAE (D:4)
  3 orc warriors
  An ice beast (D:7)
  7 ogres
  2 centaurs
  2 crocodiles (D:9)
  4 bullfrogs
  A wyvern zombie (D:7)
  A scorpion (D:8)
  3 wights (D:8)
  4 killer bees (D:9)
  3 howler monkeys (D:7)
  4 crimson imps
  A bullfrog zombie (D:7)
  2 orc priests (D:8)
  3 jellies
  A gnoll shaman (D:7)
  3 hounds
  Terence (D:3)
  3 iguanas
  9 orc wizards
  4 worker ants
  2 worker ant zombies
  11 gnolls
  11 adders
  3 shadow imps
  A worm (D:2)
  A dart slug (D:1)
  2 leopard geckos
  27 orcs
  A ball python (D:1)
  3 bats
  2 giant cockroaches (D:3)
  6 goblins
  4 hobgoblins
  6 jackals
  4 frilled lizards (D:2)
  A giant cockroach zombie (D:6)
  A jackal zombie (D:8)
  A kobold (D:2)
  A leopard gecko skeleton (D:6)
  A rat (D:3)
161 creatures vanquished.

Vanquished Creatures (others)
  A shadow imp (D:9)
  2 fungi (D:9)
3 creatures vanquished.

Grand Total: 164 creatures vanquished

Notes
Turn   | Place    | Note
-------+----------+-------------------------------------------
     0 | D:1      | tidbits the Gnoll Venom Mage began the quest for the Orb.
     0 | D:1      | Reached XP level 1. HP: 13/13 MP: 6/6
    65 | D:1      | Reached skill level 2 in Conjurations
    73 | D:1      | Reached XP level 2. HP: 19/19 MP: 4/7
    78 | D:1      | Learned a level 2 spell: Poisonous Vapours
   160 | D:2      | Reached XP level 3. HP: 21/25 MP: 5/9
   161 | D:2      | Reached skill level 5 in Spellcasting
   314 | D:3      | Noticed Terence
   328 | D:3      | Killed Terence
   328 | D:3      | Reached skill level 1 in Fighting
   328 | D:3      | Reached skill level 1 in Short Blades
   328 | D:3      | Reached skill level 1 in Long Blades
   328 | D:3      | Reached skill level 1 in Axes
   328 | D:3      | Reached skill level 1 in Maces & Flails
   328 | D:3      | Reached skill level 1 in Polearms
   328 | D:3      | Reached skill level 1 in Staves
   328 | D:3      | Reached skill level 1 in Slings
   328 | D:3      | Reached skill level 1 in Bows
   328 | D:3      | Reached skill level 1 in Crossbows
   328 | D:3      | Reached skill level 1 in Throwing
   328 | D:3      | Reached skill level 1 in Armour
   328 | D:3      | Reached skill level 1 in Shields
   328 | D:3      | Reached skill level 1 in Unarmed Combat
   328 | D:3      | Reached skill level 1 in Invocations
   328 | D:3      | Reached skill level 1 in Evocations
   349 | D:3      | Reached XP level 4. HP: 32/32 MP: 4/11
   527 | D:4      | Got a transparent war axe
   528 | D:4      | Identified the +5 war axe of Courage {speed, MR+ Int+4} (You found it on level 4 of the Dungeon)
   552 | D:4      | Reached skill level 1 in Hexes
   552 | D:4      | Reached skill level 1 in Charms
   552 | D:4      | Reached skill level 1 in Summonings
   552 | D:4      | Reached skill level 1 in Necromancy
   552 | D:4      | Reached skill level 1 in Translocations
   552 | D:4      | Reached skill level 1 in Transmutations
   552 | D:4      | Reached skill level 1 in Fire Magic
   552 | D:4      | Reached skill level 1 in Ice Magic
   552 | D:4      | Reached skill level 1 in Air Magic
   552 | D:4      | Reached skill level 1 in Earth Magic
   557 | D:4      | Reached XP level 5. HP: 35/37 MP: 12/12
   577 | D:5      | Entered Level 5 of the Dungeon
   726 | D:4      | Found a sacrificial altar of Ru.
   750 | D:4      | Noticed OnekoMk1's ghost (amateur DEAE)
   758 | D:4      | Noticed an ogre
   765 | D:4      | Killed an ogre
   765 | D:4      | Reached XP level 6. HP: 44/44 MP: 13/13
   766 | D:4      | Killed OnekoMk1's ghost
   766 | D:4      | Reached skill level 2 in Fighting
   766 | D:4      | Reached skill level 2 in Short Blades
   766 | D:4      | Reached skill level 2 in Long Blades
   766 | D:4      | Reached skill level 2 in Axes
   766 | D:4      | Reached skill level 2 in Maces & Flails
   766 | D:4      | Reached skill level 2 in Polearms
   766 | D:4      | Reached skill level 2 in Staves
   766 | D:4      | Reached skill level 2 in Slings
   766 | D:4      | Reached skill level 2 in Bows
   766 | D:4      | Reached skill level 2 in Crossbows
   766 | D:4      | Reached skill level 2 in Throwing
   766 | D:4      | Reached skill level 2 in Armour
   766 | D:4      | Reached skill level 5 in Dodging
   766 | D:4      | Reached skill level 2 in Shields
   766 | D:4      | Reached skill level 2 in Unarmed Combat
   766 | D:4      | Reached skill level 2 in Invocations
   766 | D:4      | Reached skill level 2 in Evocations
   852 | D:5      | Reached XP level 7. HP: 33/50 MP: 15/15
   881 | D:5      | Noticed p0werm0de's ghost (amateur DgNe)
  1089 | D:4      | Found a staircase to the Ecumenical Temple.
  1094 | Temple   | Entered the Ecumenical Temple
  1129 | Temple   | Became a worshipper of Cheibriados the Contemplative
  1211 | D:6      | Reached skill level 2 in Hexes
  1211 | D:6      | Reached skill level 2 in Charms
  1211 | D:6      | Reached skill level 2 in Summonings
  1211 | D:6      | Reached skill level 2 in Necromancy
  1211 | D:6      | Reached skill level 2 in Translocations
  1211 | D:6      | Reached skill level 2 in Transmutations
  1211 | D:6      | Reached skill level 2 in Fire Magic
  1211 | D:6      | Reached skill level 2 in Ice Magic
  1211 | D:6      | Reached skill level 2 in Air Magic
  1211 | D:6      | Reached skill level 2 in Earth Magic
  1271 | D:6      | Learned a level 3 spell: Mephitic Cloud
  1276 | D:6      | Learned a level 4 spell: Olgreb's Toxic Radiance
  1286 | D:6      | Found Muwkugue's General Store.
  1293 | D:6      | Bought a scroll of identify for 24 gold pieces
  1293 | D:6      | Bought a potion of flight for 36 gold pieces
  1376 | D:6      | Reached skill level 3 in Conjurations
  1401 | D:6      | Reached skill level 5 in Stealth
  1440 | D:6      | Reached skill level 3 in Invocations
  1446 | D:6      | Reached XP level 8. HP: 42/57 MP: 9/16
  1596 | D:7      | Reached skill level 6 in Poison Magic
  1607 | D:8      | Reached skill level 3 in Fighting
  1607 | D:8      | Reached skill level 3 in Short Blades
  1607 | D:8      | Reached skill level 3 in Long Blades
  1607 | D:8      | Reached skill level 3 in Axes
  1607 | D:8      | Reached skill level 3 in Maces & Flails
  1607 | D:8      | Reached skill level 3 in Polearms
  1607 | D:8      | Reached skill level 3 in Staves
  1607 | D:8      | Reached skill level 3 in Slings
  1607 | D:8      | Reached skill level 3 in Bows
  1607 | D:8      | Reached skill level 3 in Crossbows
  1607 | D:8      | Reached skill level 3 in Throwing
  1607 | D:8      | Reached skill level 3 in Armour
  1607 | D:8      | Reached skill level 3 in Shields
  1607 | D:8      | Reached skill level 3 in Unarmed Combat
  1607 | D:8      | Reached skill level 3 in Evocations
  1660 | D:7      | Reached * piety under Cheibriados
  1662 | D:7      | Reached skill level 6 in Spellcasting
  1835 | D:8      | Reached skill level 3 in Hexes
  1835 | D:8      | Reached skill level 3 in Charms
  1835 | D:8      | Reached skill level 3 in Summonings
  1835 | D:8      | Reached skill level 3 in Necromancy
  1835 | D:8      | Reached skill level 3 in Translocations
  1835 | D:8      | Reached skill level 3 in Transmutations
  1835 | D:8      | Reached skill level 3 in Fire Magic
  1835 | D:8      | Reached skill level 3 in Ice Magic
  1835 | D:8      | Reached skill level 3 in Air Magic
  1835 | D:8      | Reached skill level 3 in Earth Magic
  1835 | D:8      | Reached skill level 4 in Invocations
  1838 | D:8      | Reached skill level 6 in Dodging
  1838 | D:8      | Reached XP level 9. HP: 12/65 MP: 15/18
  2153 | D:8      | Reached skill level 4 in Fighting
  2153 | D:8      | Reached skill level 4 in Short Blades
  2153 | D:8      | Reached skill level 4 in Long Blades
  2153 | D:8      | Reached skill level 4 in Axes
  2153 | D:8      | Reached skill level 4 in Maces & Flails
  2153 | D:8      | Reached skill level 4 in Polearms
  2153 | D:8      | Reached skill level 4 in Staves
  2153 | D:8      | Reached skill level 4 in Slings
  2153 | D:8      | Reached skill level 4 in Bows
  2153 | D:8      | Reached skill level 4 in Crossbows
  2153 | D:8      | Reached skill level 4 in Throwing
  2153 | D:8      | Reached skill level 4 in Armour
  2153 | D:8      | Reached skill level 4 in Shields
  2153 | D:8      | Reached skill level 4 in Unarmed Combat
  2153 | D:8      | Reached skill level 4 in Conjurations
  2153 | D:8      | Reached skill level 4 in Evocations
  2157 | D:8      | Reached ** piety under Cheibriados
  2175 | D:8      | Noticed a two-headed ogre
  2193 | D:8      | Killed a two-headed ogre
  2193 | D:8      | Reached skill level 6 in Stealth
  2224 | D:9      | Reached skill level 5 in Invocations
  2237 | D:10     | Entered Level 10 of the Dungeon
  2244 | D:9      | Noticed a two-headed ogre
  2260 | D:9      | Killed a two-headed ogre
  2260 | D:9      | Reached skill level 7 in Spellcasting
  2260 | D:9      | Reached skill level 4 in Hexes
  2260 | D:9      | Reached skill level 4 in Charms
  2260 | D:9      | Reached skill level 4 in Summonings
  2260 | D:9      | Reached skill level 4 in Necromancy
  2260 | D:9      | Reached skill level 4 in Translocations
  2260 | D:9      | Reached skill level 4 in Transmutations
  2260 | D:9      | Reached skill level 4 in Fire Magic
  2260 | D:9      | Reached skill level 4 in Ice Magic
  2260 | D:9      | Reached skill level 4 in Air Magic
  2260 | D:9      | Reached skill level 4 in Earth Magic
  2260 | D:9      | Reached XP level 10. HP: 58/73 MP: 1/20
  2324 | D:9      | Found a blossoming altar of Fedhas.
  2360 | D:9      | Noticed a cyan ugly thing
  2372 | D:9      | Killed a cyan ugly thing
  2372 | D:9      | Reached skill level 5 in Fighting
  2372 | D:9      | Reached skill level 5 in Short Blades
  2372 | D:9      | Reached skill level 5 in Long Blades
  2372 | D:9      | Reached skill level 5 in Axes
  2372 | D:9      | Reached skill level 5 in Maces & Flails
  2372 | D:9      | Reached skill level 5 in Polearms
  2372 | D:9      | Reached skill level 5 in Staves
  2372 | D:9      | Reached skill level 5 in Slings
  2372 | D:9      | Reached skill level 5 in Bows
  2372 | D:9      | Reached skill level 5 in Crossbows
  2372 | D:9      | Reached skill level 5 in Throwing
  2372 | D:9      | Reached skill level 5 in Armour
  2372 | D:9      | Reached skill level 5 in Shields
  2372 | D:9      | Reached skill level 5 in Unarmed Combat
  2372 | D:9      | Reached skill level 7 in Poison Magic
  2372 | D:9      | Reached skill level 5 in Evocations
  2459 | D:8      | Noticed Maurice
  2460 | D:8      | Reached *** piety under Cheibriados
  2465 | D:8      | Killed Maurice
  2465 | D:8      | Reached skill level 7 in Dodging
  2520 | D:8      | Noticed a manticore
  2533 | D:8      | Learned a level 5 spell: Venom Bolt
  2602 | D:8      | Killed a manticore
  2602 | D:8      | Reached skill level 5 in Conjurations
  2602 | D:8      | Reached skill level 6 in Invocations
  2731 | D:9      | Found a staircase to the Lair.
  2745 | D:9      | Reached skill level 7 in Stealth
  2831 | D:9      | Noticed p0werm0de's ghost (journeyman GnWz)
  2843 | D:9      | Reached **** piety under Cheibriados
  2918 | D:9      | HP: 7/75 [something (5)]
  2979 | D:10     | Noticed Josephine
  2983 | D:10     | HP: 1/75 [ice beast (13)]
  2984 | D:10     | Slain by a bullfrog

Skill      XL: |  1  2  3  4  5  6  7  8  9 10 |
---------------+-------------------------------+-----
Conjurations   | 2 3 4 5 |  5.1
Spellcasting   | 5 6 7 |  7.6
Fighting       | 1 2 3 4 5 |  5.6
Short Blades   | 1 2 3 4 5 |  5.6
Long Blades    | 1 2 3 4 5 |  5.6
Axes           | 1 2 3 4 5 |  5.6
Maces & Flails | 1 2 3 4 5 |  5.6
Polearms       | 1 2 3 4 5 |  5.6
Staves         | 1 2 3 4 5 |  5.6
Slings         | 1 2 3 4 5 |  5.6
Bows           | 1 2 3 4 5 |  5.6
Crossbows      | 1 2 3 4 5 |  5.6
Throwing       | 1 2 3 4 5 |  5.6
Armour         | 1 2 3 4 5 |  5.6
Shields        | 1 2 3 4 5 |  5.6
Unarmed Combat | 1 2 3 4 5 |  5.6
Invocations    | 1 2 3 4 5 6 |  6.2
Evocations     | 1 2 3 4 5 |  5.6
Hexes          | 1 2 3 4 |  4.6
Charms         | 1 2 3 4 |  4.6
Summonings     | 1 2 3 4 |  4.6
Necromancy     | 1 2 3 4 |  4.6
Translocations | 1 2 3 4 |  4.6
Transmutations | 1 2 3 4 |  4.6
Fire Magic     | 1 2 3 4 |  4.6
Ice Magic      | 1 2 3 4 |  4.6
Air Magic      | 1 2 3 4 |  4.6
Earth Magic    | 1 2 3 4 |  4.6
Dodging        | 5 6 7 |  7.3
Stealth        | 5 6 7 |  7.1
Poison Magic   | 6 7 |  7.2

Action                   |  1- 3 |  4- 6 |  7- 9 | 10-12 || total
-------------------------+-------+-------+-------+-------++-------
Melee: Dagger            |     8 |     3 |   167 |    15 ||   193
       Punch             |     1 |       |       |       ||     1
       War axe           |       |    31 |    14 |       ||    45
       Flail             |       |       |    13 |       ||    13
       Bite              |       |       |    32 |    16 ||    48
       Unarmed           |       |       |    20 |       ||    20
       Scimitar          |       |       |     9 |    60 ||    69
Throw: Javelin           |       |       |     3 |       ||     3
       Tomahawk          |       |       |     2 |     7 ||     9
       Throwing net      |       |       |       |     2 ||     2
 Cast: Sting             |    20 |    10 |     5 |     1 ||    36
       Poisonous Vapours |     5 |     5 |    21 |    25 ||    56
       Olgreb's Toxic Ra |       |       |    20 |    15 ||    35
       Mephitic Cloud    |       |       |     2 |     5 ||     7
       Venom Bolt        |       |       |       |     1 ||     1
Invok: Bend Time         |       |       |     7 |       ||     7
Evoke: Wand              |       |       |     1 |     6 ||     7
       Phial of floods   |       |       |       |     1 ||     1
  Use: Potion            |       |     4 |     3 |     7 ||    14
       Scroll            |       |       |     6 |     6 ||    12
 Stab: Sleeping          |     4 |     3 |     6 |       ||    13
       Invisible         |       |     3 |       |       ||     3
       Distracted        |       |       |     1 |       ||     1
  Eat: Chunk             |       |       |     3 |     2 ||     5
       Ration            |       |       |     1 |       ||     1
Armor: Skin              |       |     9 |    17 |       ||    26
       Robe              |       |       |    27 |    23 ||    50
Dodge: Dodged            |     6 |    13 |   126 |    93 ||   238
Block: Buckler           |       |       |    24 |    32 ||    56
       Rpst.: Scimitar   |       |       |     2 |    20 ||    22

Table legend:
 A = Turns spent in this place as a percentage of turns spent in the entire game.
 B = Non-inter-level travel turns spent in this place as a percentage of non-inter-level travel turns spent in the entire game.
 C = Inter-level travel turns spent in this place as a percentage of turns spent in this place.
 D = Turns resting spent in this place as a percentage of non-inter-level travel turns spent in this place.
 E = Turns spent auto-exploring this place as a percentage of non-inter-level travel turns spent in this place.
 F = Non-inter-level travel turns spent in this place divided by the number of levels of this place that you've seen.
                   A       B       C       D       E      F
               +-------+-------+-------+-------+-------+----------------------
         Total | 100.0 | 100.0 |   1.0 |   0.0 |   0.0 | 268.5
       Dungeon |  97.7 |  98.7 |   0.0 |   0.0 |   0.0 | 291.6
        Temple |   2.3 |   1.3 |  45.6 |   0.0 |   0.0 |  37.0
               +-------+-------+-------+-------+-------+----------------------

Table legend:
 A = Kills in this place as a percentage of kills in entire the game.
 B = Kills by you in this place as a percentage of kills by you in the entire game.
 C = Kills by friends in this place as a percentage of kills by friends in the entire game.
 D = Other kills in this place as a percentage of other kills in the entire game.
 E = Experience gained in this place as a percentage of experience gained in the entire game.
 F = Experience gained in this place divided by the number of levels of this place that you have seen.
                   A       B       C       D       E      F
               +-------+-------+-------+-------+-------+----------------------
         Total | 100.0 | 100.0 |   N/A | 100.0 | 100.0 | 808.3
       Dungeon | 100.0 | 100.0 |   N/A | 100.0 | 100.0 | 889.1
               +-------+-------+-------+-------+-------+----------------------

Vault maps used:
D:1:      eino_arrival_cavern_d, serial_forest, infiniplex_forest_straight_2,
          infiniplex_forest_corner_1, infiniplex_forest_clump_tiny,
          infiniplex_forest_diagonal, infiniplex_forest_clump_small,
          infiniplex_forest_clump_small, infiniplex_forest_lined_2,
          infiniplex_forest_clump_cross
D:2:      first_ration
D:3:      portal_sewer_entry_d, okawaru_altar_gauntlet_db, uniq_terence,
          uniq_crazy_yiuf_cottage
D:4:      nicolae_ru_sacrificial_ziggurat, minmay_temple_entry_from_below_a,
          serial_forest, infiniplex_forest_clump_long,
          infiniplex_forest_lined_2, infiniplex_forest_clump_long,
          infiniplex_forest_lined_room_, infiniplex_forest_lined_3_way,
          infiniplex_forest_lined_2, infiniplex_forest_end_3,
          infiniplex_forest_lined_2, infiniplex_forest_fountain,
          nicolae_ossuary_entry_ruins
D:5:      grunt_decor_clamped
D:6:      serial_shops, nicolae_shop_statue_plus, trog_three_pillars_becter,
          uniq_sigmund
D:8:      lightli_bailey_entry_fortress, grunt_pizzeria,
          hangedman_minor_gate_pass, uniq_maurice
D:9:      david_lair_generic, fedhas_altar_3
D:10:     kennysheep_town, uniq_joseph, uniq_josephine
Temple:   kilobyte_greek_temple
